 Dungeon Crawl Stone Soup version 0.30-a0-702-gdf48620a09 (webtiles) character file.

Game seed: 14745346649572285241

623 kingsuperguy the Chopper (level 7, -1/49 (61) HPs)
             Began as a Minotaur Berserker on Jan 22, 2023.
             Was a Priest of Trog.
             Slain by an orc
             ... wielding a +1 war axe of draining
              (2 damage)
             ... on level 5 of the Dungeon.
             The game lasted 00:05:54 (3501 turns).

kingsuperguy the Chopper (Minotaur Berserker)       Turns: 3501, Time: 00:05:55

HP:   -1/49 (61)    AC:  7    Str: 24    XL:     7   Next: 22%
MP:   6/6           EV: 11    Int:  4    God:    Trog [***...]
Gold: 188           SH:  0    Dex:  9    Spells: 6/6 levels left

rFire   . . .      SeeInvis .    D - +0 flail (heavy)
rCold   . . .      Faith    .    (no shield)
rNeg    . . .      Spirit   .    l - +0 ring mail
rPois   .          Reflect  .    (helmet restricted)
rElec   .          Harm     .    (no cloak)
rCorr   .          Rampage  .    y - +0 pair of gloves
Will    .....                    (no boots) Stlth
                                 (no amulet)
HPRegen 0.28/turn                (no ring)
MPRegen 0.10/turn                (no ring)

@: confused, brilliant, hasted, heavily drained, very quick
A: horns 2, retaliatory headbutt
a: Renounce Religion, Berserk, Trog's Hand


You were on level 5 of the Dungeon.
You worshipped Trog.
Trog was most pleased with you.
You visited 1 branch of the dungeon, and saw 5 of its levels.

You collected 188 gold pieces.

Inventory:

Hand Weapons
 a - a +0 hand axe
 D - a +0 heavy flail (weapon)
Missiles
 A - 2 throwing nets (quivered)
Armour
 b - a +0 animal skin
 f - a +0 leather armour
 l - a +0 ring mail (worn)
 y - a +0 pair of gloves (worn)
Jewellery
 m - a ring of ice
 o - a ring of willpower
 q - an amulet of faith
 s - a ring of ice
 E - a ring of protection from fire
Wands
 w - a wand of digging (8)
 x - a wand of polymorph (7)
 C - a wand of flame (23)
Scrolls
 c - a scroll of blinking {unknown}
 d - a scroll of silence {unknown}
 e - 2 scrolls of immolation {unknown}
 h - a scroll of fog {unknown}
 i - 2 scrolls of brand weapon {unknown}
 j - 2 scrolls of poison {unknown}
 k - 3 scrolls of identify {unknown}
 n - 2 scrolls of teleportation {unknown}
 r - a scroll of magic mapping {unknown}
 z - a scroll of enchant weapon {unknown}
 F - a scroll of noise {unknown}
 G - a scroll of enchant armour {unknown}
Potions
 g - 2 potions of curing {unknown}
 t - a potion of lignification {unknown}
 v - 2 potions of flight {unknown}
 B - a potion of berserk rage {unknown}


   Skills:
 + Level 5.4 Fighting
 + Level 6.8 Axes
 + Level 0.4(4.2) Maces & Flails
 + Level 5.1 Armour
 + Level 3.5 Dodging
 + Level 1.5 Stealth


You had 6 spell levels left.
You didn't know any spells.
Your spell library was empty.

Dungeon Overview and Level Annotations

Branches:
Dungeon (5/15)
 Temple: D:4-7

Altars:
Gozag


Innate Abilities, Weirdness & Mutations

You have a pair of horns on your head.
You reflexively headbutt those who attack you in melee.


Message History

You hit the orc but do no damage.
The orc hits you with a +1 war axe of draining!
You feel drained. The orc wizard completely misses you.
The orc hits you with a +1 war axe of draining.
You feel drained.
You are too confused!
You are too confused!
The orc wizard attacks as you move away!
The orc wizard hits you with a +0 dagger.
The orc misses you.
You bump into the rock wall.
You feel less confused.
The orc hits you with a +1 war axe of draining!
You feel drained. The orc wizard casts a spell at you.
You are confused.
You are too confused!
The orc attacks as you move away! The orc hits you but does no damage.
You feel drained.
You bump into the rock wall.
The orc wizard closely misses you. The orc misses you.
The orc priest closely misses you.
You're too confused to move!
The orc hits you but does no damage.
You feel drained.
The orc wizard points at you and mumbles some strange words.
The magic dart hits you!
* * * LOW HITPOINT WARNING * * *
The orc priest hits you from afar with a +0 trident.
* * * LOW HITPOINT WARNING * * *
The orc attacks as you move away! The orc misses you.
The orc wizard casts a spell at you. The puff of flame hits you!
* * * LOW HITPOINT WARNING * * *
It was a potion of haste.
You feel yourself speed up.
The orc priest casts a cantrip, but nothing happens.
It was a potion of brilliance.
You feel clever all of a sudden.
The orc hits you with a +1 war axe of draining.
* * * LOW HITPOINT WARNING * * *
You feel drained.
You die...

...............## #.#
........†.......# ..
....<...........##.##
...............##...
...............##.#
...............#..#
................o#..o....
................o#.......
#.............#o@#.......
#............###.........
...... #......>.. .....#
.......... #####
#.##...... ### #####


You could see an orc priest, an orc wizard and an orc.

Vanquished Creatures
  A water moccasin (D:4)
  A black bear (D:3)
  A necrophage (D:4)
  A howler monkey (D:4)
  A gnoll bouda (D:4)
  An iguana (D:4)
  9 gnolls
  9 adders
  An ufetubus (D:4)
  2 worms (D:4)
  2 dart slugs (D:3)
  5 orcs
  6 bats
  6 endoplasms
  2 giant cockroaches (D:3)
  9 goblins
  3 hobgoblins (D:4)
  7 jackals (D:1)
  5 kobolds
  3 quokkas (D:3)
  11 ball pythons
  5 frilled lizards
  2 rats (D:1)
93 creatures vanquished.

Notes
Turn   | Place    | Note
-------+----------+-------------------------------------------
     0 | D:1      | kingsuperguy the Minotaur Berserker began the quest for the
                  | Orb.
     0 | D:1      | Reached XP level 1. HP: 19/19 MP: 0/0
   144 | D:1      | You fall into a shaft and drop 1 floor!
   144 | D:2      | Found a faded altar of an unknown god.
   264 | D:1      | Reached XP level 2. HP: 23/27 MP: 1/1
   266 | D:1      | Reached skill level 4 in Axes
   940 | D:1      | You fall into a shaft and drop 1 floor!
  1181 | D:2      | Reached ** piety under Trog
  1186 | D:2      | Reached XP level 3. HP: 29/33 MP: 2/2
  1744 | D:3      | Reached XP level 4. HP: 33/41 MP: 3/3
  1833 | D:3      | Noticed a black bear
  1846 | D:3      | Killed a black bear
  1847 | D:3      | Reached skill level 5 in Axes
  1847 | D:3      | Reached XP level 5. HP: 23/47 MP: 4/4
  2064 | D:3      | Reached skill level 1 in Stealth
  2566 | D:4      | Found an opulent altar of Gozag.
  2566 | D:4      | Found an opulent altar of Gozag.
  2580 | D:4      | Reached XP level 6. HP: 23/55 MP: 5/5
  2696 | D:4      | Found an opulent altar of Gozag.
  2746 | D:4      | Noticed a water moccasin
  2761 | D:4      | Killed a water moccasin
  2762 | D:4      | Reached skill level 5 in Fighting
  2762 | D:4      | Reached skill level 6 in Axes
  2762 | D:4      | Reached skill level 5 in Armour
  3048 | D:4      | Reached *** piety under Trog
  3049 | D:4      | Reached XP level 7. HP: 37/61 MP: 6/6
  3326 | D:4      | Found an opulent altar of Gozag.
  3469 | D:5      | Entered Level 5 of the Dungeon
  3501 | D:5      | HP: 1/51 [orc/+1 war axe of draining (4)]
  3501 | D:5      | Slain by an orc

Illustrated notes

Levels and vault maps discovered:
D:1:      dpeg_arrival_fog, layout_basic
D:2:      layout_basic, shapermc_ecumenical_altar_pompeii
D:3:      minmay_chambers_of_threes, layout_basic
D:4:      layout_rooms, nicolae_gozag_conspicuous_consumption,
          grunt_ministairs_6
D:5:      layout_cave_pods, mainiacjoe_overflow_catwalk, temple_hall_moat,
          nicolae_ossuary_entry_ruins

Skill      XL: |  1  2  3  4  5  6 |
---------------+-------------------+-----
Fighting       | 4 5 |  5.4
Axes           | 4 5 6 |  6.8
Armour         | 3 4 5 |  5.1
Dodging        | 3 |  3.5
Stealth        | 1 |  1.5
Maces & Flails | |  0.4

Action                   |  1- 3 |  4- 6 |  7- 9 || total
-------------------------+-------+-------+-------++-------
Melee: Hand axe          |    81 |   125 |     2 ||   208
       Headbutt          |     9 |    17 |     2 ||    28
       Punch             |       |     2 |       ||     2
       Flail             |       |       |    17 ||    17
Invok: Berserk           |       |     2 |       ||     2
  Use: Potion            |       |       |     2 ||     2
Armor: Leather armour    |    20 |       |       ||    20
       Ring mail         |    17 |    67 |    17 ||   101
Dodge: Dodged            |    50 |    89 |    20 ||   159

Table legend: (Time is in decaauts)
 A = Elapsed time spent in this place.
 B = Non-inter-level travel time spent in this place.
 C = Inter-level travel time spent in this place.
 D = Time resting spent in this place.
 E = Time spent auto-exploring this place.
 F = Levels seen in this place.
 G = Mean time per level.
                   A        B        C        D        E       F      G
               +--------+--------+--------+--------+--------+-----+--------+
         Total |   3546 |   3449 |     97 |    143 |   2595 |   5 |  709.2 |
       Dungeon |   3546 |   3449 |     97 |    143 |   2595 |   5 |  709.2 |
               +--------+--------+--------+--------+--------+-----+--------+

Top non-repeatable levels by time:
     D:3: 1111 daAuts
     D:1: 889 daAuts
     D:4: 820 daAuts
     D:2: 686 daAuts
     D:5: 38 daAuts
